 Dungeon Crawl Stone Soup version 0.32-a0-35-gd9ff480 (webtiles) character file.

Game seed: 11787508246805921952

349 danspanner the Sneak (level 6, -3/36 HPs)
             Began as an Octopode Conjurer on Jan 19, 2024.
             Was an Initiate of Vehumet.
             Killed from afar by an orc wizard (7 damage)
             ... with a magic dart
             ... on level 5 of the Dungeon on Jan 22, 2024.
             The game lasted 00:12:48 (3099 turns).

danspanner the Sneak (Octopode Conjurer)            Turns: 3099, Time: 00:12:49

Health: -3/36      AC:  1    Str:  4    XL:     6   Next: 60%
Magic:  9/20       EV: 13    Int: 23    God:    Vehumet [......]
Gold:   160        SH:  0    Dex: 10    Spells: 4/11 levels left

rFire   . . .        b - +0 short sword
rCold   . . .        (no shield)
rNeg    . . .        (helmet restricted)
rPois   .            (no amulet)
rElec   +            l - ring "Fiwoeppi" {rElec rCorr MP+9 Str-2}
rCorr   +            (no ring)
SInv    .            (no ring)
Will    .....        (no ring)
Stlth   ++++         (no ring)
HPRegen 0.26/turn    (no ring)
MPRegen 0.17/turn    (no ring)
                     (no ring)

%: no passive effects
@: no status effects
A: almost no armour, amphibious, 8 rings, camouflage 1, gelatinous body 1,
(nimble swimmer 1), tentacles
a: Renounce Religion


You were on level 5 of the Dungeon.
You worshipped Vehumet.
Vehumet was noncommittal.
You visited 1 branch of the dungeon, and saw 5 of its levels.

You collected 160 gold pieces.

Inventory:

Hand Weapons
 b - a +0 short sword (weapon)
Jewellery
 l - the ring "Fiwoeppi" (left tentacle) {rElec rCorr MP+9 Str-2}
   (You found it on level 3 of the Dungeon)

   [ring of magical power]

   Str-2:     It affects your strength (-2).
   rElec:     It insulates you from electricity.
   MP+9:      It affects your magic capacity (+9).
   rCorr:     It protects you from acid and corrosion.
Talismans
 h - a flux talisman
Scrolls
 e - 3 scrolls of teleportation
 f - a scroll of enchant weapon
 k - a scroll of silence {unknown}
 m - a scroll of fear {unknown}
 n - a scroll of fog {unknown}
Potions
 a - a potion of magic
 c - a potion of might {unknown}
 d - a potion of degeneration {unknown}
 g - a potion of haste {unknown}
 i - 3 potions of brilliance
 j - 2 potions of heal wounds {unknown}


   Skills:
 + Level 3.7 Dodging
 + Level 5.2 Stealth
 + Level 3.4 Spellcasting
 + Level 5.1 Conjurations
 + Level 1.0 Alchemy


You had 4 spell levels left.
You knew the following spells:

 Your Spells              Type           Power      Damage    Failure   Level
a - Magic Dart            Conj           100%       1d8       1%          1
b - Searing Ray           Conj           54%        2d6       1%          2
c - Fulminant Prism       Conj/Alch      9%         3d7       30%         4

Your spell library contained the following spells:

 Spells                   Type           Power      Damage    Failure   Level
 Ozocubu's Armour         Ice            3%         N/A       32%         3
 Iskenderun's Mystic Bla  Conj/Tloc      15%        2d5       36%         4
 Passage of Golubria      Tloc           3%         N/A       73%         4
 Metabolic Englaciation   Hex/Ice        1%         N/A       97%         5
 Silence                  Hex/Air        1%         N/A       97%         5
 Sculpt Simulacrum        Ice/Alch       3%         N/A       100%        6
 Lehudib's Crystal Spear  Conj/Erth      7%         10d3      100%        8


Dungeon Overview and Level Annotations

Branches:
Dungeon (5/15)             Temple (0/1) D:4

Altars:
Elyvilon
Vehumet
Zin
The Shining One

Annotations:
D:4 Dowan, Duvessa


Innate Abilities, Weirdness & Mutations

You cannot wear most types of armour.
You are amphibious.
You can wear up to eight rings at the same time.
Your skin changes colour to match your surroundings (Stealth+).
Your rubbery body absorbs attacks. (AC +1, EV +1)
((You are camouflaged when in or above water. (Stealth+)))
You have tentacles for arms and can constrict up to eight enemies at once.


Message History

Press: ? - help, Shift-Dir - straight line, f - orc
Aim: an orc, wielding a +0 flail and wearing a +0 chain mail (almost dead, 85% to hit)
The searing ray hits the orc but does no damage.
The orc is almost dead. (Press . to maintain the ray.)
The searing ray hits the orc.
You kill the orc!
Vehumet accepts your kill.
The searing ray hits the orc.
The orc is almost dead.
The searing ray hits the orc!
You kill the orc!
Vehumet accepts your kill.
The searing ray hits something.
You finish channelling your searing ray.
A puff of flame appears from out of thin air!
The puff of flame hits you!
Casting: Searing Ray (safe; 1% risk of failure)
Confirm with . or Enter, or press ? or * to list all spells.
Aiming: Searing Ray (safe; 1% risk of failure)
Press: ? - help, Shift-Dir - straight line, f - gnoll
Aim: a gnoll, wielding a +0 whip (82% to hit)
The searing ray hits the gnoll.
The gnoll is moderately wounded. (Press . to maintain the ray.)
The searing ray hits something.
The searing ray hits the gnoll.
The gnoll is heavily wounded.
The searing ray hits something.
The searing ray hits the gnoll!
You kill the gnoll!
Vehumet accepts your kill. Something hits you.
The searing ray hits something.
You finish channelling your searing ray.
Something hits you.
A magic dart appears from out of thin air!
The magic dart hits you!
* * * LOW HITPOINT WARNING * * *
A magic dart appears from out of thin air!
The magic dart hits you!
You die...

##+#+###g#.####
#.#.# #)# #
#.#.# #.# ##
#.#.###.# ...
#..{.)..#....
###.#####....
#..........
#..##........#
#...[.@....^#
####.#.....##
#.#.#.###
#.#<...#
#.#.#..#
#.#.#..# #.#..
.# #.. .# #...
#


There were no monsters in sight!

Vanquished Creatures
  An ogre (D:4)
  A scorpion (D:4)
  2 orc wizards
  Robin (D:2)
  4 adders
  A gnoll (D:5)
  3 dart slugs
  A ribbon worm (D:2)
  7 orcs
  4 ball pythons
  5 bats
  10 endoplasms
  A giant cockroach (D:4)
  9 goblins
  12 hobgoblins
  2 jackals (D:1)
  5 kobolds
  A quokka (D:1)
  5 frilled lizards
  9 rats
84 creatures vanquished.

Notes
Turn   | Place    | Note
-------+----------+-------------------------------------------
     0 | D:1      | danspanner the Octopode Conjurer began the quest for the
                  | Orb.
     0 | D:1      | Reached XP level 1. HP: 11/11 MP: 3/3
   178 | D:1      | Reached XP level 2. HP: 17/17 MP: 0/5
   458 | D:1      | Found Acsahomas's Jewellery Shoppe.
   486 | D:1      | Learned a level 2 spell: Searing Ray
   582 | D:1      | Reached XP level 3. HP: 21/21 MP: 3/6
  1289 | D:2      | Reached XP level 4. HP: 25/27 MP: 0/7
  1408 | D:2      | Noticed Robin
  1418 | D:2      | Killed Robin
  1815 | D:3      | Found a glowing golden altar of the Shining One.
  1818 | D:3      | Found a white marble altar of Elyvilon.
  1818 | D:3      | Found a glowing silver altar of Zin.
  1924 | D:3      | Reached XP level 5. HP: 25/31 MP: 3/9
  1976 | D:3      | Noticed an ogre
  2187 | D:3      | Upgraded the game from 0.32-a0-30-gefbe487 to
                  | 0.32-a0-35-gd9ff480
  2265 | D:3      | Found a radiant altar of Vehumet.
  2278 | D:3      | Became a worshipper of Vehumet
  2293 | D:3      | Identified the ring "Fiwoeppi" {rElec rCorr MP+9 Str-2}
  2495 | D:4      | Noticed Duvessa
  2495 | D:4      | Noticed Dowan
  2527 | D:4      | Noticed an ogre
  2544 | D:4      | Killed an ogre
  2545 | D:4      | Reached skill level 5 in Conjurations
  2545 | D:4      | Reached XP level 6. HP: 21/36 MP: 10/10
  2617 | D:4      | Learned a level 4 spell: Fulminant Prism
  2777 | D:4      | Found a staircase to the Ecumenical Temple.
  2883 | D:4      | Reached skill level 5 in Stealth
  3047 | D:5      | Entered Level 5 of the Dungeon
  3077 | D:5      | Reached skill level 1 in Alchemy
  3099 | D:5      | Killed from afar by an orc wizard

Illustrated notes

Levels and vault maps discovered:
D:1:      tarquinn_simple_flora_water_c, layout_loops_ring, serial_shops, shop
D:2:      layout_basic, grunt_ministairs_3, hangedman_abyss_or_decor_stabs,
          kennysheep_another_room, nrook_mini_vaults, amethyst_killhole,
          minmay_tetromino_t4, uniq_robin
D:3:      layout_rooms, dreamdust_divine_triumvirate,
          nicolae_wu_jian_immortal_techniques, nicolae_vehumet_altar_sigil
D:4:      layout_loops_ring, minmay_temple_entry_from_below_a, uniq_duvessa
D:5:      layout_basic, kennysheep_pointless_box, nrook_mini_backslash,
          kennysheep_generic_room_7

Skill      XL: |  1  2  3  4  5  6 |
---------------+-------------------+-----
Stealth        | 3 4 5 |  5.2
Dodging        | 3 |  3.7
Spellcasting   | 3 |  3.4
Conjurations   | 5 |  5.1
Alchemy        | 1 |  1.0

Action                     |  1- 3 |  4- 6 || total
---------------------------+-------+-------++-------
  Melee: Unarmed           |    17 |       ||    17
         Constrict         |    15 |    15 ||    30
         Tentacles         |    13 |    13 ||    26
         Short sword       |    39 |    63 ||   102
         Punch             |     1 |     1 ||     2
   Cast: Magic Dart        |    24 |     1 ||    25
         Searing Ray       |     4 |    16 ||    20
    Use: Scroll            |     2 |     2 ||     4
   Stab: Sleeping          |     3 |     5 ||     8
 Armour: Skin              |    22 |    34 ||    56
  Dodge: Dodged            |    54 |    53 ||   107

Table legend: (Time is in decaauts)
 A = Elapsed time spent in this place.
 B = Non-inter-level travel time spent in this place.
 C = Inter-level travel time spent in this place.
 D = Time resting spent in this place.
 E = Time spent auto-exploring this place.
 F = Levels seen in this place.
 G = Mean time per level.
                   A        B        C        D        E       F      G
               +--------+--------+--------+--------+--------+-----+--------+
         Total |   3097 |   3073 |     24 |    175 |   2071 |   5 |  619.4 |
       Dungeon |   3097 |   3073 |     24 |    175 |   2071 |   5 |  619.4 |
               +--------+--------+--------+--------+--------+-----+--------+

Top non-repeatable levels by time:
     D:1: 976 daAuts
     D:2: 786 daAuts
     D:4: 657 daAuts
     D:3: 624 daAuts
     D:5: 51 daAuts
